 Dungeon Crawl Stone Soup version 0.20-a0-309-gcba9277 (webtiles) character file.

86 Ijustatesigmund the Chopper (level 4, -5/40 HPs)
             Began as a Hill Orc Monk on Dec 19, 2016.
             Slain by Grinder (7 damage)
             ... on level 3 of the Dungeon.
             The game lasted 00:05:36 (2417 turns).

Ijustatesigmund the Chopper (Hill Orc Monk)         Turns: 2417, Time: 00:05:37

Health: -5/40      AC: 10    Str: 15 (16) XL:     4   Next: 50%
Magic:  0/4        EV: 11    Int: 14 (17) God:
Gold:   156        SH:  0    Dex: 11 (14) Spells: 3/3 levels left

rFire  . . .     SeeInvis .     a - +0 hand axe
rCold  . . .     Gourm    .     e - +0 ring mail
rNeg   . . .     Faith    .     (no shield)
rPois  .         Spirit   +     i - +0 helmet
rElec  .         Reflect  .     b - +2 cloak
rCorr  .         Harm     .     j - +0 pair of gloves
MR     .....                    (no boots)
Stlth  ++........               d - amulet of guardian spirit
                                (no ring)
                                q - ring of stealth

@: mighty, brilliant, exhausted, slowed, very slow
A: claws 1, clever 1, weak 1
a: no special abilities


You were on level 3 of the Dungeon.
You were not hungry.

You visited 1 branch of the dungeon, and saw 3 of its levels.

You collected 156 gold pieces.

Inventory:

Hand Weapons
 a - a +0 hand axe (weapon)
Missiles
 r - 3 silver javelins (quivered)
Armour
 b - a +2 cloak (worn)
 e - a +0 ring mail (worn)
 i - a +0 helmet (worn)
 j - a +0 pair of gloves (worn)
Jewellery
 d - an amulet of guardian spirit (around neck)
 q - a ring of stealth (left hand)
Scrolls
 p - a scroll of recharging
Potions
 m - a potion of mutation
Comestibles
 c - 4 bread rations
 h - a meat ration
 n - 5 fruits
 t - 2 chunks of flesh


   Skills:
 + Level 3.8 Fighting
 + Level 6.6 Axes
 + Level 0.4 Armour
 - Level 2.4 Dodging
 - Level 1.5 Stealth


You had 3 spell levels left.
You didn't know any spells.

Dungeon Overview and Level Annotations

Branches:
Dungeon (3/15)

Altars:
Okawaru
Trog

Annotations:
D:3 Grinder


Innate Abilities, Weirdness & Mutations

You have sharp fingernails.
Your mind is acute. (Int +2)
You are weak. (Str -2)


Message History

Grinder is heavily wounded.
Grinder hits you but does no damage.
As you read the scroll labeled KUSANLERANK, it crumbles to dust.
The dust glows pulsating beige!
It was a scroll of random uselessness.
Grinder hits you but does no damage. Grinder gestures at you.
Pain shoots through your body!
* * * LOW HITPOINT WARNING * * *
Okay, then.
Saving game... please wait.
Level annotation: Grinder Welcome back, Ijustatesigmund the Hill Orc Monk.
Press ? for a list of commands and other information.
It was a potion of might.
You feel very mighty all of a sudden. Grinder completely misses you.
It was a potion of brilliance.
You feel clever all of a sudden. Grinder hits you!
You die...

###..#.........# #.#
#......##....# #.#
###)##.#.##..#.# #.#
.............#.# #.#
###.######...#.####.#
..................#.#
.##.######..####.##รท#
................5...#
..#.######..####@####
.##............#.#
..#######.#.##.#.#
............##.#(#
..######(......#.# ..#
#..######(#
..######.........#
..........######(#
..######### ###


You could see Grinder.

Vanquished Creatures
  3 adders
  4 worms
  2 dart slugs
  3 leopard geckos
  An orc (D:3)
  3 giant cockroaches
  2 goblins
  4 hobgoblins
  6 kobolds
  A ball python (D:3)
  8 bats
  4 frilled lizards
  3 rats
44 creatures vanquished.

Notes
Turn   | Place    | Note
-------+----------+-------------------------------------------
     0 | D:1      | Ijustatesigmund the Hill Orc Monk began the quest for the Orb.
     0 | D:1      | Reached XP level 1. HP: 19/19 MP: 1/1
   166 | D:1      | Reached XP level 2. HP: 9/26 MP: 2/2
   539 | D:1      | Reached skill level 5 in Axes
   884 | D:1      | Reached XP level 3. HP: 30/31 MP: 3/3
  1300 | D:2      | Reached skill level 6 in Axes
  1353 | D:2      | Reached XP level 4. HP: 31/39 MP: 4/4
  1647 | D:2      | Found an iron altar of Okawaru.
  1647 | D:2      | Found a bloodstained altar of Trog.
  2385 | D:3      | Noticed Grinder
  2389 | D:3      | Paralysed by Grinder for 5 turns
  2394 | D:3      | Gained mutation: You are weak. (Str -2) [potion of mutation]
  2394 | D:3      | Gained mutation: You have sharp fingernails. [potion of mutation]
  2394 | D:3      | Gained mutation: Your mind is acute. (Int +2) [potion of mutation]
  2399 | D:3      | Paralysed by Grinder for 3 turns
  2415 | D:3      | HP: 1/40 [Grinder/nerve-wracking pain (9)]
  2417 | D:3      | Slain by Grinder

Vault maps used:
D:1:      tarquinn_simple_flora_water_a, minmay_misc_feat_enclosed
D:2:      amethyst_overflow_temple_binary
D:3:      lightli_temple_of_fire, uniq_grinder

Skill      XL: |  1  2  3 |
---------------+----------+-----
Axes           | 5 6 |  6.6
Fighting       | |  3.8
Armour         | |  0.4
Dodging        | |  2.4
Stealth        | |  1.5

Action                   |  1- 3 |  4- 6 || total
-------------------------+-------+-------++-------
Melee: Hand axe          |   104 |    81 ||   185
Throw: Tomahawk          |       |     5 ||     5
  Use: Scroll            |     3 |     4 ||     7
       Potion            |       |     5 ||     5
 Stab: Sleeping          |     3 |     2 ||     5
  Eat: Chunk             |     1 |     4 ||     5
Armor: Ring mail         |    33 |    30 ||    63
Dodge: Dodged            |    58 |    49 ||   107
